 Dungeon Crawl Stone Soup version 0.28.0 (webtiles) character file.

Game seed: 17644228553900308912

18 HallandMoats the Skirmisher (level 2, 0/19 HPs)
             Began as a Gargoyle Fighter on Feb 12, 2022.
             Was a Follower of Ru.
             Slain by a scorpion (7 damage)
             ... on level 2 of the Dungeon.
             The game lasted 00:01:15 (786 turns).

HallandMoats the Skirmisher (Gargoyle Fighter)       Turns: 786, Time: 00:01:15

Health: 0/19       AC:  9    Str: 19    XL:     2   Next: 66%
Magic:  2/2        EV:  9    Int:  8    God:    Ru [*.....]
Gold:   34         SH:  4    Dex:  9    Spells: 1/1 levels left

rFire   . . .      SeeInvis .   a - +0 flail
rCold   . . .      Faith    .   c - +0 buckler
rNeg    + . .      Spirit   .   b - +0 scale mail
rPois   ∞          Reflect  .   (no helmet)
rElec   +          Harm     .   (no cloak)
rCorr   .          Rampage  .   (no gloves)
Will    .....                   (no boots)
Stlth   ..........              (no amulet)
HPRegen 0.06/turn               (no ring)
MPRegen 0.08/turn               (no ring)

@: no status effects
A: sickness immunity, AC +2, negative energy resistance 1, electricity
resistance, torment resistance 1, petrification resistance, hated by all
a: Renounce Religion


You were on level 2 of the Dungeon.
You worshipped Ru.
Ru was aware of your devotion.
You visited 1 branch of the dungeon, and saw 2 of its levels.

You collected 34 gold pieces.

Inventory:

Hand Weapons
 a - a +0 flail (weapon)
Armour
 b - a +0 scale mail (worn)
 c - a +0 buckler (worn)
Scrolls
 f - a scroll of enchant armour {unknown}
Potions
 d - a potion of might
 e - a potion of haste {unknown}
 g - a potion of degeneration {unknown}


   Skills:
 * Level 3.5 Fighting
 * Level 2.3 Maces & Flails
 + Level 3.3 Armour
 + Level 0.2 Dodging
 + Level 3.4 Shields
 * Level 1.0 Invocations


You had one spell level left.
You didn't know any spells.
Your spell library contained the following spells:

 Spells                   Type           Power      Damage    Failure   Level
 Blade Hands              Tmut           0%         N/A       100%        5
 Iron Shot                Conj/Erth      0%         9d1       100%        6
 Animate Armour           Summ/Erth      Unusable   N/A       N/A         4

Dungeon Overview and Level Annotations

Branches:
Dungeon (2/15)

Altars:
Ru

Shops:
D:1 :


Innate Abilities, Weirdness & Mutations

You are immune to sickness and miasma.
Your stone body is resilient. (AC +2)
You are immune to poison.
You resist negative energy. (rN+)
You are resistant to electric shocks. (rElec)
You are resistant to unholy torment.
You are immune to petrification.
You are hated by all.


Message History

A scorpion is nearby!
A scorpion is nearby!
A scorpion is nearby!
Found a stone staircase leading down.
Found a scroll labelled ROTSEO SEXIU.
You redirect the scorpion's attack!
The scorpion closely misses itself.
The scorpion stings you but does no damage.
You thump the scorpion!
The scorpion is heavily wounded.
The scorpion stings you.
You hit the scorpion but do no damage.
The scorpion is heavily wounded.
You block the scorpion's attack. The scorpion misses you.
You barely miss the scorpion.
The scorpion is heavily wounded.
The scorpion stings you but does no damage.
You closely miss the scorpion.
The scorpion is heavily wounded.
The scorpion closely misses you. The scorpion completely misses you.
You hit the scorpion but do no damage.
The scorpion is heavily wounded.
The scorpion closely misses you. The scorpion stings you.
You hit the scorpion.
The scorpion is severely wounded.
The scorpion stings you but does no damage.
You hit the scorpion.
The scorpion is severely wounded.
The scorpion stings you but does no damage.
The scorpion closely misses you.
You completely miss the scorpion.
The scorpion is severely wounded.
The scorpion stings you. The scorpion closely misses you.
You closely miss the scorpion.
The scorpion is severely wounded.
The scorpion misses you.
You barely miss the scorpion.
The scorpion is severely wounded.
The scorpion stings you!
You die...

.# . .. .##.##
?.#..##
#########..#..###
#...........#..^.
#..<.............
#............##
#.)......@.#.#
###.....##s..#
#####.#............
#.....<...####.....
#.........# .....
#.........# ..>.
#.........# ...
#.........# ##.
###########


You could see a scorpion.

Vanquished Creatures
  A dart slug (D:1)
  A bat (D:1)
  An endoplasm (D:1)
  2 hobgoblins (D:1)
  3 kobolds (D:1)
  A quokka (D:1)
  3 ball pythons (D:1)
  A frilled lizard (D:1)
  A rat (D:1)
14 creatures vanquished.

Notes
Turn   | Place    | Note
-------+----------+-------------------------------------------
     0 | D:1      | HallandMoats the Gargoyle Fighter began the quest for the
                  | Orb.
     0 | D:1      | Reached XP level 1. HP: 14/14 MP: 1/1
    86 | D:1      | Found a faded altar of an unknown god.
    89 | D:1      | Reached XP level 2. HP: 19/19 MP: 2/2
    93 | D:1      | Prayed at the altar of an unknown god.
    93 | D:1      | Became a worshipper of Ru the Awakened
   102 | D:1      | Gained mutation: You are hated by all. [Ru sacrifice]
   102 | D:1      | Reached * piety under Ru
   379 | D:1      | Found Moumag's Book Shop.
   674 | D:1      | Reached skill level 1 in Invocations
   773 | D:2      | Noticed a scorpion
   786 | D:2      | Slain by a scorpion

Illustrated notes

Levels and vault maps discovered:
D:1:      scummos_arrival_hexagon, layout_loops_ring,
          ebering_ecumenical_altar_box, serial_shops,
          nicolae_shop_advertising_works [nicolae_subvault_shop_adworks],
          bh_walls_and_bars
D:2:      layout_rooms, minmay_tetromino_l2, uniq_crazy_yiuf_cottage

Skill      XL: |  1  2 |
---------------+-------+-----
Invocations    | 1 |  1.0
Fighting       | |  3.5
Maces & Flails | |  2.3
Armour         | |  3.3
Dodging        | |  0.2
Shields        | |  3.4

Action                   || total
-------------------------++-------
Melee: Flail             ||    45
Invok: Sacrifice Love    ||     1
Armor: Scale mail        ||    19
Dodge: Dodged            ||    22
Block: Buckler           ||    11
